 Dungeon Sprint DCSS version 0.31.0-1-g2c135a008e (webtiles) character file.

Game seed: 15065251817137145978

2079 Groucho the Minotaur Disaster (level 9, -4/89 HPs)
             Began as a Minotaur Fighter on Jan 20, 2024.
             Was a Believer of Qazlal.
             Killed by vampiric draining
             ... invoked by a vampire
              (13 damage)
             ... in the Dungeon (Sprint IX: "|||||||||||||||||||||||||||||").
             The game lasted 00:02:49 (574 turns).

Groucho the Minotaur Disaster (Minotaur Fighter)     Turns: 574, Time: 00:02:50

Health: -4/89      AC: 21    Str: 24    XL:     9   Next: 6%
Magic:  15/17      EV:  7    Int:  5    God:    Qazlal [**....]
Gold:   0          SH: 10    Dex: 14    Spells: 8/8 levels left

rFire   . . .        a - +0 war axe
rCold   . . .        c - +0 buckler
rNeg    . . .        i - +1 plate armour {rPois}
rPois   +            (helmet restricted)
rElec   .            p - +0 cloak
rCorr   .            o - +0 pair of gloves
SInv    .            (no boots)
Will    .....        (no amulet) Stlth
                     b - +2 ring of protection
HPRegen 0.34/turn    r - +3 ring of dexterity
MPRegen 0.15/turn

%: no teleportation
@: mighty
A: horns 2, retaliatory headbutt
a: Renounce Religion, Upheaval


You were in the Dungeon.
You worshipped Qazlal.
Qazlal was pleased with you.
You visited 1 branch

Inventory:

Hand Weapons
 a - a +0 war axe (weapon)
 n - a +2 scimitar of flaming
Armour
 c - a +0 buckler (worn)
 i - a +1 plate armour of poison resistance (worn)
 o - a +0 pair of gloves (worn)
 p - a +0 cloak (worn)
Jewellery
 b - a +2 ring of protection (left hand)
 r - a +3 ring of dexterity (right hand)
Wands
 m - a wand of acid (10)
Scrolls
 j - 2 scrolls of blinking
 l - 2 scrolls of amnesia
Potions
 e - 3 potions of curing
 g - a potion of haste
 h - 4 potions of magic


   Skills:
 + Level 11.4 Fighting
 - Level 5.0 Axes
 + Level 11.4 Armour
 + Level 11.4 Shields
 * Level 12.7 Invocations


You had 8 spell levels left.
You didn't know any spells.
Your spell library was empty.

Dungeon Overview and Level Annotations

Branches:
Dungeon (1/1)

Altars:
Cheibriados
Dithmenos
Elyvilon
Fedhas
Gozag
Hepliaklqana
Kikubaaqudgha
Makhleb
Nemelex Xobeh
Okawaru
Qazlal
Ru
Sif Muna
Trog
Uskayaw
Vehumet
Wu Jian
Xom
Yredelemnul
Zin
The Shining One
Jiyva
Lugonu


Innate Abilities, Weirdness & Mutations

You have a pair of horns on your head.
You reflexively headbutt those who attack you in melee.


Message History

The blast of ice hits something!!
Qazlal accepts your kill.
You feel a bit more experienced. You block the vampire's attack.
The vampire bites you but does no damage.
Unknown command.
Unknown command.
Unknown command.
You slash the vampire!
The vampire is heavily damaged.
The vampire hits you. You block the vampire's attack.
Unknown command.
Unknown command.
Unknown command.
You hit the vampire. Your headbutt misses the vampire.
The vampire is heavily damaged.
The vampire hits you!
* * * LOW HITPOINT WARNING * * *
The vampire bites you.
* * * LOW HITPOINT WARNING * * *
The vampire draws strength from your injuries!
Unknown command.
You feel better. The vampire barely misses you. x2
Unknown command.
Unknown command.
You feel very mighty all of a sudden. The vampire draws life force from you!
* * * LOW HITPOINT WARNING * * *
The vampire is healed by the life force!
Unknown command.
Unknown command.
You barely miss the vampire.
The vampire is moderately damaged.
You block the vampire's attack. The vampire closely misses you.
Unknown command.
You slash the vampire! Your headbutt misses the vampire.
The vampire is severely damaged.
You block the vampire's attack.
The vampire bites you but does no damage.
The vampire draws life force from you!
You die... ▓▓▓▓▓▓▓▓▓▓▓▓▓▓▓▓▓▓▓▓▓▓▓ +...)V@'......[..[...). ▓▓▓▓▓▓▓▓▓▓▓▓▓▓▓▓▓▓▓▓▓▓▓

You could see a vampire.

Vanquished Creatures
  A centaur warrior (D)
  A gargoyle (D)
  A kobold demonologist (D)
  A yak (D)
  A steam dragon (D)
  2 orc warriors (D)
  A killer bee (D)
  A bombardier beetle (D)
  A hound (D)
  An orc wizard (D)
  An adder (D)
  2 orcs (D)
  A goblin (D)
  A kobold (D)
  A ball python (D)
  2 bats (D)
19 creatures vanquished.

Vanquished Creatures (others)
  A two-headed ogre (D)
  A gnoll sergeant (D)
2 creatures vanquished.

Grand Total: 21 creatures vanquished

Notes
Turn   | Place    | Note
-------+----------+-------------------------------------------
     0 | D        | Groucho the Minotaur Fighter began the quest for the Orb.
     0 | D        | Reached XP level 1. HP: 19/19 MP: 0/0
     7 | D        | Reached skill level 1 in Invocations
    15 | D        | Noticed a hound
    15 | D        | Noticed a bombardier beetle
    19 | D        | Killed a bombardier beetle
    20 | D        | Reached skill level 3 in Invocations
    20 | D        | Reached XP level 2. HP: 28/28 MP: 0/3
    20 | D        | Reached XP level 3. HP: 35/35 MP: 0/4
    32 | D        | Reached skill level 5 in Fighting
    32 | D        | Reached skill level 5 in Armour
    32 | D        | Reached skill level 5 in Shields
    32 | D        | Reached skill level 4 in Invocations
    32 | D        | Reached XP level 4. HP: 28/42 MP: 2/6
    46 | D        | Found a snail-covered altar of Cheibriados.
    46 | D        | Found a shadowy altar of Dithmenos.
    46 | D        | Found a white marble altar of Elyvilon.
    46 | D        | Found a blossoming altar of Fedhas.
    46 | D        | Found an opulent altar of Gozag.
    47 | D        | Found a hazy altar of Hepliaklqana.
    48 | D        | Found a viscous altar of Jiyva.
    49 | D        | Found an ancient bone altar of Kikubaaqudgha.
    50 | D        | Found a corrupted altar of Lugonu.
    51 | D        | Found a burning altar of Makhleb.
    52 | D        | Found a sparkling altar of Nemelex Xobeh.
    53 | D        | Found an iron altar of Okawaru.
    54 | D        | Found a stormy altar of Qazlal.
    55 | D        | Found a sacrificial altar of Ru.
    56 | D        | Found a shimmering blue altar of Sif Muna.
    57 | D        | Found a bloodstained altar of Trog.
    58 | D        | Found a hide-covered altar of Uskayaw.
    59 | D        | Found a radiant altar of Vehumet.
    60 | D        | Found an ornate altar of the Wu Jian Council.
    61 | D        | Found a shimmering altar of Xom.
    62 | D        | Became a worshipper of Qazlal Stormbringer
    63 | D        | Found a basalt altar of Yredelemnul.
    64 | D        | Found a glowing silver altar of Zin.
    65 | D        | Found a glowing golden altar of the Shining One.
   116 | D        | Noticed a gargoyle
   116 | D        | Noticed a steam dragon
   116 | D        | Noticed an orc warrior
   116 | D        | Noticed an orc warrior
   116 | D        | Noticed a yak
   121 | D        | Killed a yak
   122 | D        | Reached skill level 5 in Axes
   122 | D        | Reached skill level 7 in Invocations
   122 | D        | Reached XP level 5. HP: 42/52 MP: 6/9
   128 | D        | Killed an orc warrior
   129 | D        | Reached XP level 6. HP: 48/61 MP: 7/10
   143 | D        | Killed an orc warrior
   143 | D        | Reached * piety under Qazlal
   144 | D        | Reached skill level 8 in Invocations
   152 | D        | Killed a steam dragon
   153 | D        | Reached skill level 9 in Invocations
   153 | D        | Reached XP level 7. HP: 56/69 MP: 10/13
   156 | D        | Killed a gargoyle
   156 | D        | Reached ** piety under Qazlal
   157 | D        | Reached skill level 10 in Invocations
   516 | D        | Noticed a centaur warrior
   516 | D        | Noticed a vampire
   516 | D        | Noticed a kobold demonologist
   516 | D        | Noticed a two-headed ogre
   524 | D        | Killed a two-headed ogre
   525 | D        | Reached skill level 10 in Fighting
   525 | D        | Reached skill level 10 in Armour
   525 | D        | Reached skill level 10 in Shields
   525 | D        | Reached skill level 11 in Invocations
   525 | D        | Reached XP level 8. HP: 50/80 MP: 13/15
   534 | D        | Killed a centaur warrior
   535 | D        | Reached skill level 12 in Invocations
   535 | D        | Noticed a red devil
   544 | D        | Killed a kobold demonologist
   545 | D        | Reached XP level 9. HP: 34/89 MP: 17/17
   574 | D        | Killed from afar by a vampire

Illustrated notes

Levels and vault maps discovered:
D:        linesprint [early_d, line_temple, items_1, d_10, items_2, lair_1,
          lair_end, items_3, orc_1, orc_end, items_4, d_15, swamp_1, shoals_1,
          snake_1, spider_1, d_20, vaults_1, items_5, swamp_end, shoals_end,
          snake_end, spider_end, vaults_end, d_27, items_6, zot_1, zot_end,
          crypt_end, forest_end, elf_end, slime_end, tomb_end, abyss_end,
          pan_hell_end]

Skill      XL: |  1  2  3  4  5  6  7  8 |
---------------+-------------------------+-----
Invocations    | 3 4 7 9 11 12 | 12.7
Fighting       | 4 5 7 8 10 11 | 11.4
Shields        | 4 5 7 8 10 11 | 11.4
Axes           | 3 4 5 |  5.0
Armour         | 4 5 7 8 10 11 | 11.4

Action                     |  1- 3 |  4- 6 |  7- 9 || total
---------------------------+-------+-------+-------++-------
  Melee: War axe           |    21 |    41 |    54 ||   116
         Headbutt          |     2 |    10 |    11 ||    23
 Invoke: Upheaval          |       |       |     1 ||     1
    Use: Potion            |       |     3 |     5 ||     8
   Stab: Invisible         |       |       |     1 ||     1
 Armour: Scale mail        |    12 |    33 |     2 ||    47
         Plate armour      |       |       |    73 ||    73
  Dodge: Dodged            |    17 |    14 |    23 ||    54
  Block: Buckler           |     4 |     6 |    23 ||    33
